 Dungeon Crawl Stone Soup version 0.20.1-1-g8b1a95d (webtiles) character file.

1650 KoningWillie the Protected (level 8, 0/70 HPs)
             Began as a Minotaur Fighter on Sept 27, 2017.
             Succumbed to Timinator's ghost's poison
             ... on level 6 of the Dungeon.
             The game lasted 00:07:23 (6704 turns).

KoningWillie the Protected (Minotaur Fighter)       Turns: 6704, Time: 00:07:24

Health: 0/70       AC:  9    Str: 24    XL:     8   Next: 67%
Magic:  7/7        EV: 10    Int:  5    God:
Gold:   254        SH:  0    Dex:  9    Spells: 7/7 levels left

rFire    . . .     SeeInvis .   a - +1 long sword
rCold    . . .     Gourm    .   c - +0 shield
rNeg     . . .     Faith    .   b - +1 scale mail
rPois    .         Spirit   .   (helmet restricted)
rElec    .         Reflect  .   (no cloak)
rCorr    .         Harm     .   (no gloves)
MR       .....                  (no boots)
Stlth    ..........             (no amulet)
Regen    0.3/turn               (no ring)
MPRegen  0.1/turn               (no ring)

@: confused, lethally poisoned (0 -> -42)
A: retaliatory headbutt, horns 2
a: no special abilities


You were on level 6 of the Dungeon.
You were not hungry.

You visited 2 branches of the dungeon, and saw 7 of its levels.

You collected 254 gold pieces.

Inventory:

Hand Weapons
 a - a +1 long sword (weapon)
Armour
 b - a +1 scale mail (worn)
 c - a +0 shield (worn)
Jewellery
 k - a cursed amulet of harm
Wands
 r - a wand of random effects (19/48)
 t - a wand of confusion (6/48)
Scrolls
 h - 5 scrolls of teleportation
 l - 2 scrolls of enchant armour
 m - 3 scrolls of identify
 q - a scroll of remove curse
Potions
 d - a potion of might
 i - a potion of resistance {unknown}
 j - 2 potions of lignification
 n - a potion of curing {unknown}
 o - 2 potions of magic
 p - a potion of berserk rage {unknown}
 u - a potion of brilliance {unknown}
Comestibles
 f - 4 bread rations
 g - a meat ration
 v - a fruit


   Skills:
 + Level 6.3 Fighting
 + Level 7.3 Long Blades
 + Level 8.0 Armour
 + Level 3.6 Dodging
 + Level 1.0 Stealth
 + Level 6.3 Shields


You had 7 spell levels left.
You didn't know any spells.

Dungeon Overview and Level Annotations

Branches:
Dungeon (6/15)             Temple (1/1) D:6

Altars:
Ashenzari
Cheibriados
Dithmenos
Elyvilon
Gozag
Hepliaklqana
Makhleb
Nemelex Xobeh
Qazlal
Ru
Sif Muna
Trog
Uskayaw
Xom
Yredelemnul
Zin

Annotations:
D:3 Grinder
D:6 Timinator's ghost, novice SpEn


Innate Abilities, Weirdness & Mutations

You reflexively headbutt those who attack you in melee.
You have a pair of horns on your head.


Message History

Timinator's ghost is severely damaged.
* * * LOW HITPOINT WARNING * * *
You feel sick.
Timinator's ghost hits you but does no damage.
You are more poisoned.
* * * LOW HITPOINT WARNING * * *
You feel very sick.
Timinator's ghost screams, "Zot is a myth, the ORB is a fable, you'll soon be a tale!"
Timinator's ghost hits you.
* * * LOW HITPOINT WARNING * * *
You are more poisoned.
* * * LOW HITPOINT WARNING * * *
You feel very sick.
Timinator's ghost hits you but does no damage.
You are more poisoned.
* * * LOW HITPOINT WARNING * * *
You feel very sick.
Your shield prevents you from hitting Timinator's ghost.
Timinator's ghost is severely damaged.
You die...

#.#.# # #.####'##.
#.#.## #.#...^...
.######.#..##.#.#......#
..............# #......#
...#####.##..###
#......8 #.......# #.#
####+###
....###..###.###.# .
#..##).....###
#.@W..........
#.....#.......
########....##
#...<.......#
#.#....##.#.# #$...#
.#... #!....#.. .#
#.#...+ ## #. ...#


You could see Timinator's ghost.

Vanquished Creatures
  Pikel (D:4)
  The ghost of KoningWillie the Slasher, an amateur MiFi (D:4)
  Edmund (D:4)
  A centaur (D:4)
  4 ogres
  A crimson imp (D:6)
  A centaur skeleton (D:5)
  An orc priest (D:5)
  3 bullfrog skeletons (D:5)
  3 orc wizards
  An iguana (D:4)
  Ijyb (D:5)
  A worker ant (D:5)
  A hound zombie (D:5)
  4 gnolls (D:3)
  4 adders (D:2)
  An ooze (D:5)
  2 adder skeletons
  3 worms
  4 leopard geckos
  10 orcs
  5 giant cockroaches
  6 goblins
  4 hobgoblins
  7 jackals
  6 quokkas
  7 bats
  5 frilled lizards
  3 kobolds
  5 rats
97 creatures vanquished.

Vanquished Creatures (others)
  Eustachio (D:4)
  A slave (D:4)
  An orc priest (D:4)
  A bullfrog skeleton (D:4)
  A hound skeleton (D:4)
  A leopard gecko (D:4)
  An orc (D:4)
  A jackal (D:4)
  A quokka (D:4)
  A rat (D:4)
10 creatures vanquished.

Grand Total: 107 creatures vanquished

Notes
Turn   | Place    | Note
-------+----------+-------------------------------------------
     0 | D:1      | KoningWillie the Minotaur Fighter began the quest for the Orb.
     0 | D:1      | Reached XP level 1. HP: 19/19 MP: 0/0
   179 | D:1      | Reached XP level 2. HP: 27/27 MP: 1/1
   206 | D:1      | Reached skill level 4 in Armour
   623 | D:2      | Reached XP level 3. HP: 30/33 MP: 2/2
  1176 | D:2      | Reached XP level 4. HP: 41/41 MP: 3/3
  2276 | D:3      | Reached skill level 1 in Dodging
  2312 | D:3      | Reached XP level 5. HP: 25/47 MP: 4/4
  2818 | D:3      | Found a deep blue altar of Sif Muna.
  2888 | D:3      | Noticed Grinder
  2892 | D:4      | Found a glowing drain.
  3032 | D:4      | Noticed an ogre
  3036 | D:4      | Killed an ogre
  3036 | D:4      | Reached skill level 5 in Fighting
  3036 | D:4      | Reached skill level 5 in Armour
  3073 | D:4      | Noticed Pikel
  3073 | D:4      | Noticed a slave
  3074 | D:4      | Noticed a slave
  3075 | D:4      | Noticed a slave
  3076 | D:4      | Noticed a slave
  3096 | D:4      | Killed Pikel
  3096 | D:4      | Reached skill level 5 in Long Blades
  3096 | D:4      | Reached skill level 6 in Armour
  3096 | D:4      | Reached skill level 1 in Stealth
  3096 | D:4      | Reached skill level 5 in Shields
  3096 | D:4      | Reached XP level 6. HP: 6/56 MP: 5/5
  3096 | D:4      | Reached XP level 7. HP: 7/61 MP: 6/6
  3276 | D:4      | Noticed KoningWillie's ghost (amateur MiFi)
  3284 | D:4      | Killed KoningWillie's ghost
  3338 | D:4      | Reached skill level 7 in Armour
  3338 | D:4      | Reached XP level 8. HP: 23/70 MP: 7/7
  3538 | D:4      | Killed Eustachio
  4042 | D:4      | Noticed Edmund
  4055 | D:4      | Killed Edmund
  4514 | D:4      | Found a bloodstained altar of Trog.
  4773 | D:5      | Entered Level 5 of the Dungeon
  5334 | D:5      | Noticed Ijyb
  5386 | D:5      | Killed Ijyb
  6133 | D:5      | Reached skill level 8 in Armour
  6310 | D:6      | Noticed Timinator's ghost (novice SpEn)
  6370 | D:6      | Found a staircase to the Ecumenical Temple.
  6383 | Temple   | Entered the Ecumenical Temple
  6703 | D:6      | HP: 3/70 [poisoned by Timinator's ghost]
  6704 | D:6      | Succumbed to Timinator's ghost's poison

Skill      XL: |  1  2  3  4  5  6  7  8 |
---------------+-------------------------+-----
Armour         | 4 6 7 8 |  8.0
Fighting       | 4 5 6 |  6.3
Shields        | 4 5 6 |  6.3
Long Blades    | 3 5 6 7 |  7.3
Dodging        | 1 2 3 |  3.6
Stealth        | 1 |  1.0

Action                   |  1- 3 |  4- 6 |  7- 9 || total
-------------------------+-------+-------+-------++-------
Melee: Long sword        |    63 |    80 |   146 ||   289
       Headbutt          |    10 |    20 |    21 ||    51
  Use: Scroll            |     3 |     4 |     2 ||     9
       Potion            |       |       |     6 ||     6
  Eat: Meat ration       |     1 |       |     1 ||     2
       Bread ration      |       |     1 |     1 ||     2
       Chunk             |       |       |     3 ||     3
Armor: Scale mail        |    44 |    37 |    63 ||   144
Dodge: Dodged            |    32 |    36 |    44 ||   112
Block: Shield            |    52 |    42 |    68 ||   162
       Rpst.: Long sword |     6 |     9 |     6 ||    21
